 Dungeon Crawl Stone Soup version 0.31.0-11-ge490571c62 (webtiles) character file.

Game seed: 12344527578296366526

21 Marvel the Sneak (level 2, -2/20 HPs)
             Began as a Ghoul Enchanter on Feb 8, 2024.
             Slain by a ribbon worm (6 damage)
             ... on level 2 of the Dungeon.
             The game lasted 00:00:58 (980 turns).

Marvel the Sneak (Ghoul Enchanter)                   Turns: 980, Time: 00:00:58

Health: -2/20      AC:  2    Str: 11    XL:     2   Next: 83%
Magic:  4/4        EV: 12    Int: 14    God:
Gold:   87         SH:  0    Dex:  9    Spells: 4/4 levels left

rFire   . . .        a - +1 dagger
rCold   + . .        (no shield)
rNeg    + + +        b - +0 robe
rPois   ∞            (no helmet)
rElec   .            (no cloak)
rCorr   .            (no gloves)
SInv    .            (no boots)
Will    .....        (no amulet)
Stlth   ++           (no ring)
HPRegen 0.00/turn    (no ring)
MPRegen 0.09/turn

%: no passive effects
@: inhibited regen
A: claws 1, cold resistance 1, negative energy resistance 3, inhibited
regeneration, torment resistance 2, devour on kill
a: no special abilities


You were on level 2 of the Dungeon.
You visited 1 branch of the dungeon, and saw 2 of its levels.

You collected 87 gold pieces.

Inventory:

Hand Weapons
 a - a +1 dagger (weapon)
Armour
 b - a +0 robe (worn)
Jewellery
 g - a +6 ring of dexterity
Scrolls
 d - a scroll of revelation {unknown}
 f - a scroll of enchant weapon {unknown}
 h - a scroll of enchant armour {unknown}
 i - a scroll of identify {unknown}
Potions
 c - 2 potions of invisibility
 e - a potion of heal wounds {unknown}


   Skills:
 + Level 1.0 Short Blades
 + Level 2.0 Dodging
 + Level 3.8 Stealth
 + Level 1.9 Spellcasting
 + Level 2.7 Hexes


You had 4 spell levels left.
You didn't know any spells.
Your spell library contained the following spells:

 Spells                   Type           Power      Damage    Failure   Level
 Ensorcelled Hibernation  Hex/Ice        10%        N/A       21%         2
 Confusing Touch          Hex            9%         N/A       24%         3
 Tukima's Dance           Hex            9%         N/A       24%         3
 Dazzling Flash           Conj/Hex       10%        N/A       38%         3
 Volatile Blastmotes      Fire/Tloc      2%         2d10      58%         3
 Starburst                Conj/Fire      0%         6d3       100%        6
 Maxwell's Capacitive Co  Air            0%         ∞         100%        8


Dungeon Overview and Level Annotations

Branches:
Dungeon (2/15)

Altars:


Innate Abilities, Weirdness & Mutations

You are immune to poison.
You have sharp fingernails.
Your flesh is cold resistant. (rC+)
You are immune to negative energy. (rN+++)
You do not regenerate when monsters are visible.
You are immune to unholy pain and torment.
You thrive by killing the living.


Message History

a jackal corpse; a jackal corpse Done exploring.
No target in view!
No target in view!
Done exploring.
No target in view!
You see here 7 stones.
There is an open door here.
There is an open door here.
There is a stone staircase leading down here.
You climb downwards.
There is a stone staircase leading up here.
A hobgoblin comes into view.
A hobgoblin is nearby!
A ribbon worm comes into view.
The helpless hobgoblin fails to defend itself.
You puncture the hobgoblin!
You kill the hobgoblin!
You see here a hobgoblin corpse.
A ribbon worm is nearby!
The ribbon worm bites you.
You hit the ribbon worm.
The ribbon worm is lightly wounded.
The ribbon worm completely misses you.
You hit the ribbon worm.
The ribbon worm is moderately wounded.
The ribbon worm bites you.
You are too injured to fight recklessly!
You are too injured to fight recklessly!
You are too injured to fight recklessly!
You hit the ribbon worm.
The ribbon worm is moderately wounded.
You hit the ribbon worm.
The ribbon worm is heavily wounded.
The ribbon worm bites you.
* * * LOW HITPOINT WARNING * * *
You hit the ribbon worm.
The ribbon worm is heavily wounded.
The ribbon worm bites you.
You die...

...# ... ..# #
### ..#.# ## ..
#.#.# .. #. #.#.#
# #. #.##.w.#.#.#
#..#...@.......
###..#........#.#
........†.#.#.###
##..#..........#
#. #........#.# #
# #..###...#^#.#
#......>.#.#.#.
##.............
#......##.######


You could see a ribbon worm.

Vanquished Creatures
  5 endoplasms (D:1)
  2 goblins (D:1)
  2 hobgoblins
  2 jackals (D:1)
  2 ball pythons (D:1)
  A bat (D:1)
  A frilled lizard (D:1)
  3 rats (D:1)
18 creatures vanquished.

Notes
Turn   | Place    | Note
-------+----------+-------------------------------------------
     0 | D:1      | Marvel the Ghoul Enchanter began the quest for the Orb.
     0 | D:1      | Reached XP level 1. HP: 14/14 MP: 3/3
   236 | D:1      | Reached XP level 2. HP: 7/20 MP: 4/4
   717 | D:1      | Reached skill level 1 in Short Blades
   794 | D:1      | HP: 1/20 [jackal (3)]
   980 | D:2      | Slain by a ribbon worm

Illustrated notes

Levels and vault maps discovered:
D:1:      sevenhm_arrival_forest_fort_small_5, layout_basic, serial_glass,
          glass_columns_a, glass_columns_a
D:2:      layout_basic, minmay_unequal

Skill      XL: |  1  2 |
---------------+-------+-----
Short Blades   | 1 |  1.0
Dodging        | 2 |  2.0
Stealth        | |  3.8
Spellcasting   | |  1.9
Hexes          | |  2.7

Action                     || total
---------------------------++-------
  Melee: Dagger            ||    77
         Punch             ||     1
   Stab: Sleeping          ||     2
 Armour: Robe              ||    45
  Dodge: Dodged            ||    44
